 Dungeon Crawl Stone Soup version 0.25.1-2-g60ff931df9 (webtiles) character file.

Game seed: 12052279980942050581

5597 DildoBatman the Shield-Bearer (level 11, -8/81 HPs)
             Began as a Formicid Wizard on Aug 19, 2020.
             Was a Believer of Kikubaaqudgha.
             Shot with an arrow by a centaur (12 damage)
             ... on level 9 of the Dungeon.
             The game lasted 00:44:51 (10652 turns).

DildoBatman the Shield-Bearer (Formicid Wizard)    Turns: 10652, Time: 00:44:51

Health: -8/81      AC:  5    Str: 19    XL:     11   Next: 3%
Magic:  24/24      EV: 14    Int: 22    God:    Kikubaaqudgha [**....]
Gold:   331        SH:  5    Dex:  9    Spells: 9/16 levels left

rFire    . . .     SeeInvis +   a - +3 spear
rCold    . . .     Gourm    .   i - +0 buckler
rNeg     . . .     Faith    .   C - +2 robe {MR+}
rPois    +         Spirit   .   (helmet unavailable)
rElec    .         Reflect  .   (no cloak)
rCorr    +         Harm     .   B - +0 pair of gloves
MR       ++...                  (no boots)
Stlth    +.........             r - amulet of regeneration
HPRegen  0.63/turn              o - ring "Wiacitso" {rPois rCorr MP+9 SInv}
MPRegen  0.19/turn              O - ring "Rulas" {rPois Str+8 Stlth-}

@: no status effects
A: permanent stasis, dig shafts and tunnels, four strong arms, antennae 3
a: Dig, Shaft Self, Receive Corpses, Renounce Religion


You were on level 9 of the Dungeon.
You worshipped Kikubaaqudgha.
Kikubaaqudgha was pleased with you.
You were not hungry.

You visited 2 branches of the dungeon, and saw 10 of its levels.

You collected 408 gold pieces.
You spent 77 gold pieces at shops.

Inventory:

Hand Weapons
 a - a +3 spear (weapon)
 b - a +1 dagger of venom
 c - a +0 hunting sling
 d - a +2 hand axe of flaming
 e - a +2 dagger of speed
 f - a +2 spear of freezing
Missiles
 m - 43 bolts
 n - 208 stones
 u - 75 sling bullets
 y - 157 arrows
 E - 25 poisoned darts
 G - 4 boomerangs (quivered)
 J - 6 silver boomerangs
Armour
 i - a +0 buckler (worn)
 B - a +0 pair of gloves (worn)
 C - a +2 robe of magic resistance (worn)
Jewellery
 o - the ring "Wiacitso" (left hand) {rPois rCorr MP+9 SInv}
   (You found it on level 8 of the Dungeon)

   [ring of resist corrosion]

   It protects you from poison.
   It affects your magic capacity (+9).
   It lets you see invisible.
   It provides partial protection from all sources of acid and corrosion.
 r - an amulet of regeneration (around neck)
 t - an uncursed ring of protection from fire
 D - an uncursed ring of stealth
 O - the ring "Rulas" (right hand) {rPois Str+8 Stlth-}
   (You found it on level 8 of the Dungeon)

   [ring of poison resistance]

   It affects your strength (+8).
   It protects you from poison.
   It makes you less stealthy.
Wands
 L - a wand of clouds (6)
Scrolls
 j - 2 scrolls of enchant armour {unknown}
 p - 3 scrolls of amnesia
 x - 3 scrolls of remove curse
 z - a scroll of identify
 A - a scroll of noise {unknown}
 F - a scroll of immolation {unknown}
 H - 3 scrolls of enchant weapon
 M - 2 scrolls of fear {unknown}
Potions
 g - a potion of ambrosia {unknown}
 k - a potion of heal wounds
 l - a potion of degeneration {unknown}
 q - 2 potions of stabbing
 s - a potion of magic {unknown}
 w - a potion of mutation {unknown}
 I - 2 potions of cancellation
 K - a potion of haste {unknown}
 N - 2 potions of lignification
Comestibles
 h - 7 chunks of flesh
 v - 18 rations


   Skills:
 * Level 6.2 Fighting
 * Level 6.1 Armour
 * Level 5.5 Dodging
 - Level 2.4 Stealth
 * Level 7.4 Shields
 - Level 3.2 Spellcasting
 - Level 6.0 Conjurations
   Level 1.0 Summonings
   Level 0.8 Translocations
 - Level 5.0 Fire Magic
 - Level 5.0 Air Magic


You had 9 spell levels left.
You knew the following spells:

 Your Spells              Type           Power        Failure   Level  Hunger
a - Conjure Flame         Conj/Fire      ####....     3%          3    ###....
c - Magic Dart            Conj           ####         1%          1    None
e - Mephitic Cloud        Conj/Pois/Air  ###.....     9%          3    ###....

Your spell library contained the following spells:

 Spells                   Type           Power        Failure   Level  Hunger
 Corpse Rot               Necr/Air       N/A          7%          2    ##.....
 Animate Skeleton         Necr           N/A          12%         1    None
 Pain                     Necr           #...         12%         1    None
 Call Imp                 Summ           #.......     12%         2    ##.....
 Slow                     Hex            #.......     19%         2    ##.....
 Sublimation of Blood     Necr           #.........   19%         2    ##.....
 Vampiric Draining        Necr           #.........   36%         3    ###....
 Animate Dead             Necr           N/A          77%         4    ####...
 Agony                    Necr           #.......     98%         5    ######.
 Blink                    Tloc           Unusable     N/A         2    N/A

Dungeon Overview and Level Annotations

Branches:
Dungeon (9/15)             Temple (1/1) D:7
   Lair: D:8-11         Orc: D:9-12

Altars:
Ashenzari
Cheibriados
Dithmenos
Elyvilon
Fedhas
Gozag
Hepliaklqana
Kikubaaqudgha
Makhleb
Nemelex Xobeh
Okawaru
Qazlal
Ru
Sif Muna
Trog
Uskayaw
Vehumet
Wu Jian
Xom
Yredelemnul
Zin
The Shining One

Shops:
D:4 *(*


Innate Abilities, Weirdness & Mutations

You cannot be hasted, slowed, berserked, paralysed or teleported.
You can dig through walls and to a lower floor.
Your four strong arms can wield two-handed weapons with a shield.
You have a pair of large antennae on your head. (SInv)


Message History

Casting: Mephitic Cloud (dangerous; 9% risk of failure)
Confirm with . or Enter, or press ? or * to list all spells.
Aiming: Mephitic Cloud (dangerous; 9% risk of failure)
Press: ? - help, Shift-Dir - straight line, f - centaur
Aim: a centaur, wielding a +0 shortbow and quivering 10 arrows
Okay, then.
You retract your mandibles.
The centaur shoots an arrow.
The arrow hits you!
The centaur shoots an arrow.
You block the arrow.
The centaur shoots an arrow.
You block the arrow.
The centaur shoots an arrow.
The arrow closely misses you.
You see here 5 arrows.
The centaur shoots an arrow.
The arrow hits you!
You die...
Kikubaaqudgha rasps: "You have failed me!
Welcome... death!"

############################
.............................
.........#######..............
####.##### #..............
####.##########............%.
#.............#..............#
#......(######.###..............
#.......((...##@##..............
#.###≈≈≈≈≈≈#..#(##..............
#.#≈≈≈≈≈≈≈≈≈≈≈#(##..............
..≈≈≈≈≈..≈≈≈≈≈≈###..............
.≈≈≈≈≈≈.####c≈≈≈≈##./............
≈≈≈≈≈≈≈.# ##c≈≈≈≈.........!.....
≈≈≈≈≈≈≈.# { #..≈≈≈.>.............
≈≈≈≈≈≈..# .cc≈≈≈#.######.......
....≈≈≈≈. #.......


You could see 2 centaurs.

Vanquished Creatures
  A two-headed ogre (D:8)
  Pikel (D:7)
  Joseph (D:8)
  Psyche (D:8)
  Grinder (D:5)
  Prince Ribbit (D:8)
  Sigmund (D:6)
  A spriggan (D:7)
  Duvessa (D:4)
  4 sky beasts
  4 slaves (D:7)
  An ice beast (D:5)
  2 phantoms
  2 ogres (D:8)
  6 centaurs
  A big kobold (D:8)
  3 bullfrogs
  2 scorpions
  Dowan (D:4)
  5 wights (D:5)
  5 crimson imps
  2 quasits
  3 bullfrog skeletons
  3 hounds
  5 orc priests
  A centaur skeleton (D:7)
  2 jellies
  10 orc wizards
  Terence (D:2)
  3 iguanas
  4 worker ants
  Ijyb (D:4)
  A hound skeleton (D:6)
  3 gnolls (D:6)
  9 adders
  3 adder skeletons
  3 worms
  A dart slug (D:1)
  2 leopard geckos (D:1)
  24 orcs
  A giant cockroach (D:1)
  7 goblins
  10 hobgoblins
  4 jackals
  2 quokkas
  5 bats
  4 frilled lizards
  2 jackal skeletons
  11 kobolds
  A leopard gecko zombie (D:5)
  A quokka skeleton (D:4)
  5 rats
179 creatures vanquished.

Notes
Turn   | Place    | Note
-------+----------+-------------------------------------------
     0 | D:1      | DildoBatman the Formicid Wizard began the quest for the
                  | Orb.
     0 | D:1      | Reached XP level 1. HP: 13/13 MP: 4/4
    18 | D:1      | Reached skill level 1 in Conjurations
   219 | D:1      | Reached XP level 2. HP: 12/19 MP: 0/6
   709 | D:1      | Reached XP level 3. HP: 19/24 MP: 0/7
   714 | D:1      | Learned a level 3 spell: Conjure Flame
   718 | D:1      | Learned a level 3 spell: Mephitic Cloud
   813 | D:1      | Found a glowing golden altar of the Shining One.
  1666 | D:2      | Reached XP level 4. HP: 29/30 MP: 5/8
  1737 | D:2      | Noticed Terence
  2307 | D:2      | Reached XP level 5. HP: 35/35 MP: 6/9
  2411 | D:3      | Noticed a phantom
  3083 | D:4      | Found Piahyerch's Practical Paraphernalia.
  3212 | D:4      | Found Hoatut's General Store.
  3220 | D:4      | Bought a scroll of identify for 28 gold pieces
  3220 | D:4      | Bought a scroll of magic mapping for 49 gold pieces
  3231 | D:4      | Noticed a phantom
  3240 | D:4      | Found Lyxzil's Antique Weapon Boutique.
  3349 | D:4      | Noticed Dowan
  3351 | D:4      | Noticed Duvessa
  4187 | D:5      | Entered Level 5 of the Dungeon
  4187 | D:5      | Noticed a centaur
  4316 | D:4      | Killed a centaur
  4316 | D:4      | Reached skill level 2 in Shields
  4316 | D:4      | Reached skill level 5 in Conjurations
  4316 | D:4      | Reached XP level 6. HP: 14/41 MP: 3/10
  4377 | D:5      | Noticed Ijyb
  4802 | D:5      | Noticed a sky beast
  4812 | D:5      | Killed a sky beast
  4812 | D:5      | Reached XP level 7. HP: 46/46 MP: 8/11
  5128 | D:5      | Reached skill level 1 in Fire Magic
  5128 | D:5      | Reached skill level 1 in Air Magic
  5650 | D:5      | Reached XP level 8. HP: 52/52 MP: 1/12
  5995 | D:6      | Found an opulent altar of Gozag.
  6271 | D:7      | Found a staircase to the Ecumenical Temple.
  6286 | Temple   | Entered the Ecumenical Temple
  6540 | Temple   | Became a worshipper of Kikubaaqudgha
  6935 | D:2      | Killed Terence
  7136 | D:4      | Killed Dowan
  7226 | D:5      | Reached skill level 1 in Fighting
  7248 | D:5      | Reached skill level 1 in Armour
  7305 | D:5      | Noticed Grinder
  7350 | D:5      | Reached skill level 3 in Shields
  7499 | D:5      | Killed Grinder
  7499 | D:5      | Reached XP level 9. HP: 50/61 MP: 0/13
  7556 | D:4      | Killed Ijyb
  7605 | D:4      | Killed Duvessa
  8021 | D:6      | Reached skill level 4 in Shields
  8107 | D:6      | Reached * piety under Kikubaaqudgha
  8107 | D:6      | Identified Kikubaaqudgha's Incunabulum of Black Magic
                  | (Kikubaaqudgha gifted it to you on level 6 of the Dungeon)
  8107 | D:6      | Received a gift from Kikubaaqudgha
  8203 | D:6      | Reached skill level 5 in Fire Magic
  8607 | D:6      | Noticed Sigmund
  8625 | D:6      | Killed Sigmund
  8903 | D:7      | Noticed Pikel
  8965 | D:7      | Killed Pikel
  8965 | D:7      | Reached skill level 5 in Shields
  8965 | D:7      | Reached XP level 10. HP: 64/71 MP: 8/14
  9170 | D:7      | Found a sparkling altar of Nemelex Xobeh.
  9239 | D:7      | Found a blossoming altar of Fedhas.
  9317 | D:7      | Reached skill level 5 in Air Magic
  9537 | D:7      | Reached skill level 6 in Shields
  9798 | D:8      | Noticed a two-headed ogre
  9902 | D:8      | Got a fine marble ring
  9904 | D:8      | Identified the ring "Wiacitso" {rPois rCorr MP+9 SInv} (You
                  | found it on level 8 of the Dungeon)
  9921 | D:8      | Reached ** piety under Kikubaaqudgha
  9979 | D:8      | Reached skill level 5 in Fighting
 10023 | D:8      | Reached skill level 5 in Armour
 10142 | D:8      | Killed a two-headed ogre
 10295 | D:8      | Got a brightly glowing glass ring
 10297 | D:8      | Identified the ring "Rulas" {rPois Str+8 Stlth-} (You found
                  | it on level 8 of the Dungeon)
 10314 | D:8      | Noticed Psyche
 10327 | D:8      | Reached skill level 5 in Dodging
 10343 | D:8      | Noticed Joseph
 10362 | D:8      | Killed Joseph
 10385 | D:8      | Killed Psyche
 10385 | D:8      | Reached skill level 7 in Shields
 10504 | D:9      | Noticed Prince Ribbit
 10529 | D:8      | Killed Prince Ribbit
 10582 | D:9      | Reached XP level 11. HP: 72/81 MP: 15/15
 10651 | D:9      | HP: 4/81 [centaur/arrow (16)]
 10652 | D:9      | Shot with an arrow by a centaur

Illustrated notes

Levels and vault maps discovered:
D:1:      psy_arrival_terrarium, layout_loops_corners, tso_altar
D:2:      layout_basic, uniq_terence
D:3:      layout_basic, first_ration
D:4:      layout_cave_pods, serial_shops, nicolae_shop_crystal,
          nicolae_shop_behind_doors, nicolae_alphabet_shops, uniq_duvessa
D:5:      layout_basic, uniq_grinder, uniq_ijyb
D:6:      layout_gridville, minmay_stone_trees_small,
          nicolae_gozag_seed_capital, uniq_sigmund
D:7:      layout_basic, nemelex_xobeh_ov_fountains_minmay,
          minmay_temple_entry_junction, the_bakery,
          fedhas_bush_and_centaur_altar, uniq_pikel
D:8:      layout_rooms, uniq_joseph, uniq_psyche
D:9:      layout_small_grid, erik_lair_orcish_takeover, centaur_isle,
          uniq_prince_ribbit1
Temple:   nicolae_temple_the_god_donut

Skill      XL: |  1  2  3  4  5  6  7  8  9 10 |
---------------+-------------------------------+-----
Conjurations   | 1 2 3 4 5 6 |  6.0
Shields        | 2 3 5 7 |  7.4
Fire Magic     | 2 4 5 |  5.0
Air Magic      | 2 3 4 5 |  5.0
Dodging        | 2 3 5 |  5.5
Fighting       | 2 4 6 |  6.2
Armour         | 2 3 6 |  6.1
Stealth        | |  2.4
Spellcasting   | |  3.2
Summonings     | |  1.0
Translocations | |  0.8

Action                   |  1- 3 |  4- 6 |  7- 9 | 10-12 || total
-------------------------+-------+-------+-------+-------++-------
Melee: Whip              |    27 |       |       |       ||    27
       Dagger            |       |   130 |    14 |     3 ||   147
       Spear             |       |       |   391 |   211 ||   602
 Fire: Shortbow          |       |       |    24 |       ||    24
Throw: Stone             |     1 |       |       |       ||     1
       Boomerang         |       |       |    10 |     5 ||    15
 Cast: Magic Dart        |    80 |    59 |   105 |    18 ||   262
       Mephitic Cloud    |       |     4 |    25 |    23 ||    52
       Conjure Flame     |       |     2 |    23 |    12 ||    37
 Abil: Dig               |     6 |     5 |    16 |     7 ||    34
Evoke: Wand              |       |       |       |     4 ||     4
  Use: Scroll            |       |     3 |     2 |     5 ||    10
 Stab: Confused          |       |       |    11 |     9 ||    20
       Paralysed         |       |       |       |     3 ||     3
       Distracted        |       |       |       |     1 ||     1
       Sleeping          |       |       |       |     1 ||     1
  Eat: Chunk             |     3 |    11 |    15 |    10 ||    39
       Ration            |       |       |     1 |       ||     1
Armor: Robe              |     8 |     6 |    75 |     9 ||    98
Dodge: Dodged            |    38 |    72 |   149 |    81 ||   340
Block: Buckler           |       |       |    42 |    23 ||    65
